 Dungeon Crawl Stone Soup version 0.29.1-13-g9f3cf754e1 (webtiles) character file.

Game seed: 5359352589002122357

515 Exodus22XD the Poker (level 7, -22/52 HPs)
             Began as a Demonspawn Gladiator on Feb 3, 2023.
             Killed from afar by a ynoxinul (38 damage)
             ... with an iron shot
             ... on level 1 of the Abyss.
             The game lasted 00:04:44 (3028 turns).

Exodus22XD the Poker (Demonspawn Gladiator)         Turns: 3028, Time: 00:04:44

Health: -22/52     AC: 10    Str: 17    XL:     7   Next: 0%
Magic:  7/7        EV:  9    Int:  9    God:
Gold:   283        SH:  0    Dex: 14    Spells: 6/6 levels left

rFire   . . .      SeeInvis .   a - +0 trident
rCold   . . .      Faith    .   (no shield)
rNeg    . . .      Spirit   .   m - +0 chain mail
rPois   .          Reflect  .   c - +0 helmet
rElec   .          Harm     .   (no cloak)
rCorr   .          Rampage  .   (no gloves)
Will    .....                   (no boots)
Stlth   ..........              (no amulet)
HPRegen 0.17/turn               (no ring)
MPRegen 0.10/turn               (no ring)

@: no status effects
A: claws 1, foul stench 1, spiny 1, sturdy frame 1
a: no special abilities


You were on level 1 of the Abyss.
You visited 1 branch of the dungeon, and saw 4 of its levels.
You visited the Abyss 1 time.
You also visited: Sewer.

You collected 283 gold pieces.

Inventory:

Hand Weapons
 a - a +0 trident (weapon)
Missiles
 d - 3 throwing nets (quivered)
 e - a javelin
Armour
 c - a +0 helmet (worn)
 m - a +0 chain mail (worn)
 u - the +1 leather armour of Dim Light {Harm rPois Int-3}
   (You found it on level 3 of the Dungeon)

   Int:       It affects your intelligence (-3).
   rPois:     It protects you from poison.
   Harm:      It increases damage dealt and taken.
Wands
 v - a wand of paralysis (6)
Scrolls
 f - a scroll of enchant weapon {unknown}
 g - 3 scrolls of teleportation
 j - 2 scrolls of blinking
 l - 2 scrolls of enchant armour {unknown}
 r - a scroll of brand weapon {unknown}
 t - a scroll of fog {unknown}
 x - a scroll of summoning {unknown}
 y - a scroll of amnesia {unknown}
Potions
 b - 2 potions of ambrosia {unknown}
 h - 3 potions of attraction {unknown}
 i - a potion of resistance {unknown}
 k - a potion of heal wounds {unknown}
 n - a potion of degeneration {unknown}
 o - a potion of might {unknown}
 p - a potion of lignification {unknown}
 q - 3 potions of brilliance {unknown}
 s - a potion of haste {unknown}
 w - a potion of curing {unknown}


   Skills:
 + Level 3.3 Fighting
 + Level 5.2 Polearms
 - Level 1.7 Throwing
 * Level 3.7 Armour
 + Level 3.0 Dodging
 + Level 0.4 Stealth


You had 6 spell levels left.
You didn't know any spells.
Your spell library was empty.

Dungeon Overview and Level Annotations

Branches:
Dungeon (4/15)              Sewer (visited)
 Temple: D:4-7

Altars:
Kikubaaqudgha
Ru
Wu Jian

Shops:
D:1 (   D:3 *


Innate Abilities, Weirdness & Mutations

You have sharp fingernails.
You may rarely emit foul miasma when damaged in melee.
You are partially covered in sharp spines.
Your movements are slightly less encumbered by armour. (ER -2)


Message History

The ufetubus is struck by your spines. The ufetubus closely misses you.
The ufetubus hits you.
The ynoxinul gestures.
The ufetubus is struck by your spines.
You kill the ufetubus!
The ufetubus disappears in a puff of smoke!
The ufetubus attacks as you move away!
The ufetubus hits you but does no damage. x2
The ufetubus hits you but does no damage. x2
The ufetubus closely misses you. The ufetubus hits you.
You barely miss the ufetubus.
The ufetubus hits you but does no damage. x2
The ufetubus is struck by your spines.
The ufetubus hits you but does no damage.
The ufetubus hits you.
The ynoxinul gestures.
You closely miss the ufetubus.
The ufetubus is severely wounded.
The ufetubus is struck by your spines.
You kill the ufetubus!
The ufetubus disappears in a puff of smoke!
The ufetubus hits you but does no damage.
The ufetubus hits you. The wight closely misses you.
The ufetubus hits you but does no damage. x2
You closely miss the ufetubus.
The ufetubus shouts!
The ufetubus hits you but does no damage. x2
The ufetubus completely misses you. The ufetubus closely misses you.
The wight is struck by your spines. The wight hits you with a +2 battleaxe!
The ufetubus is struck by your spines. The ufetubus barely misses you.
The ufetubus hits you but does no damage.
You closely miss the ynoxinul.
An ufetubus opens the door.
The ufetubus hits you but does no damage. x2
The ufetubus is struck by your spines.
You kill the ufetubus!
The ufetubus disappears in a puff of smoke!
The ynoxinul gestures at you. The iron shot hits you!!!
Ouch! That really hurt!
You die...

# #..#.. ..###. ##
.. ..# # .#.....#+
X5 ...#..#........##
.5#.5 .#.#z........#
.
##53.#..#.#.#....##
.
#.#5..5.#.3#.'#....#
#§5#.#5. #X.#5 ...#
# # .#§.##55z##...+
#...§...#...55@#...#
# # ....#.#53#§...#
#. ..#.....###....##
# #.#.# ......# ..
..# ......##
.#....... .#+ .
.#....##. ##### #


You could see a large abomination, a smoke demon, a ynoxinul, a wight and 6
ufetubi.

Vanquished Creatures
  Sigmund (D:3)
  A water moccasin (Sewer)
  An orc priest (D:3)
  A gnoll bouda (D:4)
  An orc wizard (D:3)
  Ijyb (D:3)
  Robin (D:3)
  3 adders
  2 gnolls (D:4)
  A worm (D:2)
  4 orcs
  3 endoplasms
  8 giant cockroaches
  8 goblins
  16 hobgoblins
  6 jackals
  6 ball pythons
  9 bats
  3 frilled lizards
  5 kobolds
  2 rats (D:1)
83 creatures vanquished.

Vanquished Creatures (others)
  9 fungi (D:4)
  7 plants (D:4)
16 creatures vanquished.

Grand Total: 99 creatures vanquished

Notes
Turn   | Place    | Note
-------+----------+-------------------------------------------
     0 | D:1      | Exodus22XD the Demonspawn Gladiator began the quest for the
                  | Orb.
     0 | D:1      | Reached XP level 1. HP: 16/16 MP: 1/1
   255 | D:1      | Gained mutation: You have sharp fingernails. [demonic
                  | ancestry]
   255 | D:1      | Reached XP level 2. HP: 22/22 MP: 2/2
   293 | D:1      | Found Wizid's Weapon Shop.
   429 | D:1      | Found a faded altar of an unknown god.
   474 | D:1      | Reached skill level 1 in Armour
   484 | D:1      | Reached skill level 3 in Polearms
   880 | D:2      | Gained mutation: You are partially covered in sharp spines.
                  | [demonic ancestry]
   880 | D:2      | Reached XP level 3. HP: 27/27 MP: 3/3
  1297 | D:3      | Gained mutation: You may rarely emit foul miasma when
                  | damaged in melee. [demonic ancestry]
  1297 | D:3      | Reached XP level 4. HP: 33/34 MP: 4/4
  1387 | D:3      | Found a glowing drain.
  1403 | Sewer    | Entered a sewer
  1500 | Sewer    | Noticed a water moccasin
  1506 | Sewer    | Killed a water moccasin
  1507 | Sewer    | Reached skill level 4 in Polearms
  1507 | Sewer    | Reached XP level 5. HP: 23/41 MP: 5/5
  1839 | D:3      | Found an ornate altar of the Wu Jian Council.
  1851 | D:3      | Noticed Sigmund
  1863 | D:3      | Killed Sigmund
  1864 | D:3      | Gained mutation: Your movements are slightly less
                  | encumbered by armour. (ER -2) [demonic ancestry]
  1864 | D:3      | Reached XP level 6. HP: 47/47 MP: 6/6
  1890 | D:3      | Found Ymuicli's Assorted Antiques.
  1965 | D:3      | Found an ancient bone altar of Kikubaaqudgha.
  2048 | D:3      | Identified the +1 leather armour of Dim Light {Harm rPois
                  | Int-3}
  2128 | D:3      | Noticed Ijyb
  2128 | D:3      | Noticed Robin
  2138 | D:3      | Paralysed by Ijyb for 4 turns
  2145 | D:3      | Killed Ijyb
  2166 | D:3      | Killed Robin
  2167 | D:3      | Reached skill level 5 in Polearms
  2762 | D:4      | Found a sacrificial altar of Ru.
  2812 | D:4      | Reached XP level 7. HP: 28/52 MP: 7/7
  2954 | Abyss:1  | Cast into level 1 of the Abyss (kobold)
  2968 | Abyss:1  | Found a corrupted altar of Lugonu.
  2994 | Abyss:1  | Noticed a ynoxinul
  2996 | Abyss:1  | Noticed a large abomination
  3006 | Abyss:1  | Noticed a smoke demon
  3028 | Abyss:1  | Killed from afar by a ynoxinul

Illustrated notes

Levels and vault maps discovered:
D:1:      dpeg_arrival_short_road, layout_rooms, serial_shops, shop,
          serial_glass, glass_columns_a, glass_columns_a,
          ebering_ecumenical_altar_webs, kennysheep_crisscross
D:2:      layout_rooms
D:3:      layout_loops_ring, overflow_temple_1_default, lemuel_doored_altar,
          serial_shops, shop_coins, portal_sewer_entry_f, roderic_roman_lattice,
          chequers_decorated_corner, uniq_ijyb, uniq_sigmund, uniq_robin
D:4:      layout_loops_ring, fedhas_altar_3, amcnicky_altar_gilded,
          grunt_ministairs_9
Abyss:1:  base: Temple, hangedman_abyss_or_decor_slice,
          evilmike_abyss_exit_glass

Skill      XL: |  1  2  3  4  5  6 |
---------------+-------------------+-----
Armour         | 1 2 3 |  3.7
Polearms       | 3 4 5 |  5.2
Fighting       | 3 |  3.3
Dodging        | 3 |  3.0
Throwing       | |  1.7
Stealth        | |  0.4

Action                   |  1- 3 |  4- 6 |  7- 9 || total
-------------------------+-------+-------+-------++-------
Melee: Trident           |    93 |   125 |     8 ||   226
Throw: Throwing net      |       |     1 |       ||     1
  Use: Scroll            |       |     2 |       ||     2
 Stab: Sleeping          |     1 |       |       ||     1
Armor: Leather armour    |    16 |       |       ||    16
       Chain mail        |    11 |    56 |    25 ||    92
Dodge: Dodged            |    38 |    32 |    16 ||    86
